Workbook

Sheet Company A 2015 Balance Sheet
A1: Coca-Cola Consolidated, Inc. (KO)
A3: Exchange rate used is that of the Year End reported date
A6: As Reported Annual Balance Sheet
A7: Report Date | B7: 42369
A8: Currency | B8: USD
A9: Audit Status | B9: Not Qualified
A10: Consolidated | B10: Yes
A11: Scale | B11: Thousands
A12: Cash & cash equivalents | B12: 16902
A13: Short Term Investments | B13: -
A14: Restricted cash | B14: _
A15: Accounts receivable | B15: 559832
A16: Raw materials | B16: 3000 | C16: =SUM(B16:B18) -> 9275
A17: Work in process | B17: 4000
A18: Finished goods | B18: 2275
A19: Service parts | B19: _
A20: Inventory | B20: 183618
A21: Prepaid expenses & other current assets | B21: 1000
A22: Total current assets | B22: =SUM(B12:B21) -> 770627
A23: Operating lease vehicles, net | B23: 245600
A24: Machinery, equipment & office furniture | B24: 1061225
A25: Tooling | B25: _
A26: Leasehold improvements | B26: 52000
A27: Building & building improvements | B27: 63200
A28: Land | B28: 125000
A29: Computer equipment & software | B29: _
A30: Construction in progress | B30: _
A31: Property & equipment, gross | B31: 78950
A32: Less: accumulated depreciation & amortization | B32: _
A33: Property & equipment, net | B33: 985000
A34: Restricted cash | B34: 13560
A35: Emission credits | B35: _
A36: Debt issuance costs, net | B36: 8654
A37: Other assets | B37: 108884
A38: Other assets | B38: -
A39: Other assets | B39: -
A40: Total assets | B40: =SUM(B23:B39)+B22 -> 3512700
A41: Accounts payable | B41: 250000
A42: Accrued warranty, current portion | B42: 22154
A43: Build to suit finance obligation, current portion | B43: -
A44: Accrued interest | B44: -
A45: Environmental liabilities, current portion | B45: _
A46: Other accrued expenses | B46: 3560
A47: Taxes payable | B47: 65250
A48: Accrued purchases | B48: 231456
A49: Payroll & related costs | B49: 52369
A50: Warranty & other accrued expenses | B50: -
A51: Accrued liabilities | B51: 210540
A52: Deferred revenue | B52: 84200
A53: Resale value guarantee | B53: -
A54: Capital lease obligations, current portion | B54: 48522
A55: Customer deposits | B55: 174000
A56: Convertible debt, current portion | B56: -
A57: Long term debt & capital leases | B57: -
A58: Total current liabilities | B58: =SUM(B41:B57) -> 1142051
A59: Deferred revenue | B59: 181180
A60: Long term debt & capital leases | B60: -
A61: Resale value guarantee | B61: 236299
A62: Capital lease obligations, less current portion | B62: 12855
A63: Convertible debt, less current portion | B63: 586119
A64: Accrued warranty, less current portion | B64: 33265
A65: Deferred rent liability | B65: 9886
A66: Deferred tax liabilities | B66: 6821
A67: Environmental liabilities, less current portion | B67: 3364
A68: Other long-term liabilities | B68: 4861
A69: Other long-term liabilities | B69: -
A70: Other long-term liabilities | B70: -
A71: Convertible senior notes | B71: -
A72: Total liabilities | B72: =SUM(B58:B71) -> 2216701
A73: Common stock | B73: 1000
A74: Additional paid-in capital | B74: 856200
A75: Accumulated other comprehensive income (loss) | B75: 360799 | C75: =SUM(B73:B76) -> 1295999
A76: Retained earnings (accumulated deficit) | B76: 78000
A77: Total stockholders' equity (deficit) | B77: =SUM(B73:B76) -> 1295999
A79: Reference
A81: https://finance.yahoo.com/quote/COKE/balance-sheet?p=COKE

Sheet Company A 2016 Balance Sheet
A1: Coca-Cola Consolidated, Inc. (KO)
A6: As Reported Annual Balance Sheet
A7: Report Date | B7: 42735
A8: Currency | B8: USD
A9: Audit Status | B9: Not Qualified
A10: Consolidated | B10: Yes
A11: Scale | B11: Thousands
A12: Cash & cash equivalents | B12: 10564
A13: Restricted cash & marketable securities | B13: -
A14: Restricted cash | B14: _
A15: Accounts receivable | B15: 456200
A16: Raw materials | B16: 8500
A17: Work in process | B17: 6200
A18: Finished goods | B18: 2275
A19: Service parts | B19: _
A20: Inventory | B20: 15700
A21: Prepaid expenses & other current assets | B21: 950
A22: Total current assets | B22: 325600
A23: Operating lease vehicles, net | B23: 396400
A24: Machinery, equipment & office furniture | B24: 987455
A25: Tooling | B25: _
A26: Leasehold improvements | B26: 52000
A27: Building & building improvements | B27: 63200
A28: Land | B28: 125000
A29: Computer equipment & software | B29: _
A30: Construction in progress | B30: _
A31: Property & equipment, gross | B31: 78950
A32: Less: accumulated depreciation & amortization | B32: _
A33: Property & equipment, net | B33: 985000
A34: Restricted cash | B34: 13560
A35: Emission credits | B35: _
A36: Debt issuance costs, net | B36: 8654
A37: Other assets | B37: 108884
A38: Other assets | B38: -
A39: Other assets | B39: -
A40: Total assets | B40: =SUM(B23:B39)+B22 -> 3144703
A41: Accounts payable | B41: 350000
A42: Accrued warranty, current portion | B42: 48920
A43: Build to suit finance obligation, current portion | B43: -
A44: Accrued interest | B44: -
A45: Environmental liabilities, current portion | B45: _
A46: Other accrued expenses | B46: 3560
A47: Taxes payable | B47: 65250
A48: Accrued purchases | B48: 131500
A49: Payroll & related costs | B49: 32560
A50: Warranty & other accrued expenses | B50: -
A51: Accrued liabilities | B51: 98000
A52: Deferred revenue | B52: 84200
A53: Resale value guarantee | B53: -
A54: Capital lease obligations, current portion | B54: 48522
A55: Customer deposits | B55: 74025
A56: Convertible debt, current portion | B56: -
A57: Long term debt & capital leases | B57: -
A58: Total current liabilities | B58: =SUM(B41:B57) -> 936537
A59: Deferred revenue | B59: 181180
A60: Long term debt & capital leases | B60: -
A61: Resale value guarantee | B61: 136000
A62: Capital lease obligations, less current portion | B62: 12855
A63: Convertible debt, less current portion | B63: 535200
A64: Accrued warranty, less current portion | B64: 22205
A65: Deferred rent liability | B65: 9886
A66: Deferred tax liabilities | B66: 6821
A67: Environmental liabilities, less current portion | B67: 3364
A68: Other long-term liabilities | B68: 4656
A69: Other long-term liabilities | B69: -
A70: Other long-term liabilities | B70: -
A71: Convertible senior notes | B71: -
A72: Total liabilities | B72: =SUM(B58:B71) -> 1848704
A73: Common stock | B73: 1000
A74: Additional paid-in capital | B74: 856200
A75: Accumulated other comprehensive income (loss) | B75: 360799 | D75: Data quality check:
A76: Retained earnings (accumulated deficit) | B76: 78000 | D76: Assets = | E76: Liabilities + Equity
A77: Total stockholders' equity (deficit) | B77: =SUM(B73:B76) -> 1295999 | D77: =B40 -> 3144703 | E77: =B72+B77 -> 3144703
A79: Reference
A81: https://finance.yahoo.com/quote/COKE/balance-sheet?p=COKE

Sheet Company A 2017 Balance Sheet
A1: Coca-Cola Consolidated, Inc. (KO)
A3: Exchange rate used is that of the Year End reported date
A6: As Reported Annual Balance Sheet
A7: Report Date | B7: 43100
A8: Currency | B8: USD
A9: Audit Status | B9: Not Qualified
A10: Consolidated | B10: Yes
A11: Scale | B11: Thousands
A12: Cash & cash equivalents | B12: 17000 | D12: Ratios | H12: Industry Average (Students: include a reference for this data too) | I12: https://finance.yahoo.com/quote/COKE/industry?p=COKE
A13: Restricted cash & marketable securities | B13: - | E13: 2017 | F13: 2016 | G13: 2015
A14: Restricted cash | B14: _
A15: Accounts receivable | B15: 165400 | D15: Current Ratio | E15: ='Company A 2017 Balance Sheet'!$B$22/'Company A 2017 Balance Sheet'!$B$58 -> 0.31093978 | F15: ='Company A 2016 Balance Sheet'!$B$22/'Company A 2016 Balance Sheet'!$B$58 -> 0.34766379 | G15: ='Company A 2015 Balance Sheet'!$B$22/'Company A 2015 Balance Sheet'!$B$58 -> 0.67477459
A16: Raw materials | B16: 500 | D16: Debt / Equity Ratio | E16: ='Company A 2017 Balance Sheet'!$B$72/'Company A 2017 Balance Sheet'!$B$77 -> 1.2947622 | F16: ='Company A 2016 Balance Sheet'!$B$72/'Company A 2016 Balance Sheet'!$B$77 -> 1.4264702 | G16: ='Company A 2015 Balance Sheet'!$B$72/'Company A 2015 Balance Sheet'!$B$75 -> 6.1438668 | H16: 109.19
A17: Work in process | B17: 4800 | D17: Free Cash Flow (000) | E17: ='Company A 2017 Cash Flow'!$B$33+'Company A 2017 Cash Flow'!$B$34 -> -2159349 | F17: ='Company A 2016 Cash Flow'!$B$33+'Company A 2016 Cash Flow'!$B$34 -> -1027222 | G17: ='Company A 2015 Cash Flow'!$B$33+'Company A 2015 Cash Flow'!$B$34 -> 304413
A18: Finished goods | B18: 1758 | D18: Earnings per Share | E18: ='Company A 2017 Income Statement'!$B$37/'Company A 2017 Income Statement'!$B$38 -> -2.7202171 | F18: ='Company A 2016 Income Statement'!$B$37/'Company A 2016 Income Statement'!$B$38 -> 8.703216 | G18: ='Company A 2015 Income Statement'!$B$37/'Company A 2015 Income Statement'!$B$38 -> 45.638882 | H18: 1.63
A19: Service parts | B19: _ | D19: Price / earnings ratio | E19: =E24/E18 -> -60.473115 | F19: =F24/F18 -> 20.210919 | G19: =G24/G18 -> 2.1624106 | H19: 13
A20: Inventory | B20: 13500 | D20: Return on Equity | E20: ='Company A 2017 Income Statement'!$B$37/'Company A 2017 Balance Sheet'!$B$77 -> -0.16245034 | F20: ='Company A 2016 Income Statement'!$B$37/'Company A 2016 Balance Sheet'!$B$77 -> 0.32741846 | G20: ='Company A 2015 Income Statement'!$B$37/'Company A 2015 Balance Sheet'!$B$75 -> 7.11288 | H20: 0.124
A21: Prepaid expenses & other current assets | B21: 1030 | D21: Net profit margin | E21: ='Company A 2017 Income Statement'!$B$37/'Company A 2017 Income Statement'!$B$15 -> -0.21536528 | F21: ='Company A 2016 Income Statement'!$B$37/'Company A 2016 Income Statement'!$B$15 -> 0.22150822 | G21: ='Company A 2015 Income Statement'!$B$37/'Company A 2015 Income Statement'!$B$15 -> 0.73126697 | H21: 0.05
A22: Total current assets | B22: =SUM(B12:B21) -> 203988 | D22: Stock Data
A23: Operating lease vehicles, net | B23: 196000 | D23: Number of Shares Outstanding | E23: ='Company A 2017 Income Statement'!$B$40 -> - | F23: ='Company A 2016 Income Statement'!$B$40 -> - | G23: ='Company A 2015 Income Statement'!$B$40 -> -
A24: Machinery, equipment & office furniture | B24: 687455 | D24: Closing Price Last Business Day in December | E24: ='Company A Stock History'!$E$12 -> 164.5 | F24: ='Company A Stock History'!$E$264 -> 175.89999 | G24: ='Company A Stock History'!$E$516 -> 98.690002
A25: Tooling | B25: _
A26: Leasehold improvements | B26: 22000
A27: Building & building improvements | B27: 58960
A28: Land | B28: 125000
A29: Computer equipment & software | B29: _
A30: Construction in progress | B30: _
A31: Property & equipment, gross | B31: 68950
A32: Less: accumulated depreciation & amortization | B32: _
A33: Property & equipment, net | B33: 985000
A34: Restricted cash | B34: 13560
A35: Emission credits | B35: _
A36: Debt issuance costs, net | B36: 8654
A37: Other assets | B37: 108884
A38: Other assets | B38: -
A39: Other assets | B39: -
A40: Total assets | B40: =SUM(B23:B39)+B22 -> 2478451
A41: Accounts payable | B41: 150000
A42: Accrued warranty, current portion | B42: 48920
A43: Build to suit finance obligation, current portion | B43: -
A44: Accrued interest | B44: -
A45: Environmental liabilities, current portion | B45: _
A46: Other accrued expenses | B46: 3560
A47: Taxes payable | B47: 65250
A48: Accrued purchases | B48: 65000
A49: Payroll & related costs | B49: 18560
A50: Warranty & other accrued expenses | B50: -
A51: Accrued liabilities | B51: 98000
A52: Deferred revenue | B52: 84200
A53: Resale value guarantee | B53: -
A54: Capital lease obligations, current portion | B54: 48522
A55: Customer deposits | B55: 74025
A56: Convertible debt, current portion | B56: -
A57: Long term debt & capital leases | B57: -
A58: Total current liabilities | B58: =SUM(B41:B57) -> 656037
A59: Deferred revenue | B59: 181180
A60: Long term debt & capital leases | B60: -
A61: Resale value guarantee | B61: 136000
A62: Capital lease obligations, less current portion | B62: 12855
A63: Convertible debt, less current portion | B63: 365400
A64: Accrued warranty, less current portion | B64: 22205
A65: Deferred rent liability | B65: 9886
A66: Deferred tax liabilities | B66: 6821
A67: Environmental liabilities, less current portion | B67: 3364
A68: Other long-term liabilities | B68: 4656
A69: Other long-term liabilities | B69: -
A70: Other long-term liabilities | B70: -
A71: Convertible senior notes | B71: -
A72: Total liabilities | B72: =SUM(B58:B71) -> 1398404
A73: Common stock | B73: 2198
A74: Additional paid-in capital | B74: 659000
A75: Accumulated other comprehensive income (loss) | B75: 360799 | D75: Data quality check:
A76: Retained earnings (accumulated deficit) | B76: 58050 | D76: Assets = | E76: Liabilities + Equity
A77: Total stockholders' equity (deficit) | B77: =SUM(B73:B76) -> 1080047 | D77: =B40 -> 2478451 | E77: =B72+B77 -> 2478451
A79: References
A81: https://finance.yahoo.com/quote/COKE/balance-sheet?p=COKE
A83: https://finance.yahoo.com/quote/COKE/industry?p=COKE

Sheet Company A 2015 Income Statement
A1: Coca-Cola Consolidated, Inc. (KO)
A3: Exchange rate used is that of the Year End reported date
A6: As Reported Annual Income Statement
A7: Report Date | B7: 42369
A8: Currency | B8: USD
A9: Audit Status | B9: Not Qualified
A10: Consolidated | B10: Yes
A11: Scale | B11: Thousands
A12: Development services | B12: 64563
A13: Automotive sales | B13: 987956
A14: Services & other revenues | B14: 2456897
A15: Total revenues | B15: =SUM(B12:B14) -> 3509416
A16: Development services | B16: 12356
A17: Automotive sales | B17: -
A18: Services & other cost of revenues | B18: 235600
A19: Total cost of revenues | B19: =SUM(B16:B18) -> 247956
A20: Gross profit (loss) | B20: =B15-B19 -> 3261460
A21: Research & development | B21: 215600
A22: Selling, general & administrative | B22: 145600
A23: Total operating expenses | B23: =SUM(B21:B22) -> 361200
A24: Income (loss) from operations | B24: =B20-B23 -> 2900260
A25: Interest income | B25: -
A26: Interest expense | B26: 236000
A27: Other income (expense), net | B27: 75200
A28: Income (loss) before income taxes - domestic | B28: =B24-SUM(B25:B27) -> 2589060
A29: Income (loss) before income taxes - international | B29: -
A30: Income (loss) before income taxes | B30: =B28 -> 2589060
A31: Current state income taxes (benefit) | B31: 15240
A32: Current foreign income taxes (benefit) | B32: -
A33: Current income taxes (benefit) | B33: =SUM(B31:B32) -> 15240
A34: Deferred foreign income taxes (benefit) | B34: -
A35: Deferred income taxes (benefit) | B35: -
A36: Provision for income taxes (benefit) | B36: 7500
A37: Net income (loss) | B37: =B30-SUM(B33:B36) -> 2566320
A38: Weighted average shares outstanding-basic | B38: 56231
A39: Weighted average shares outstanding-diluted | B39: -
A40: Year end shares outstanding | B40: -
A41: Net income (loss) per share - basic | B41: -
A42: Net income (loss) per share - diluted | B42: -
A43: Number of full time employees | B43: -
A44: Number of common stockholders
A45: Foreign currency translation adjustments | B45: -
A47: Reference
A49: https://finance.yahoo.com/quote/COKE/balance-sheet?p=COKE

Sheet Company A 2016 Income Statement
A1: Coca-Cola Consolidated, Inc. (KO)
A6: As Reported Annual Income Statement
A7: Report Date | B7: 42369
A8: Currency | B8: USD
A9: Audit Status | B9: Not Qualified
A10: Consolidated | B10: Yes
A11: Scale | B11: Thousands
A12: Development services | B12: 84560
A13: Automotive sales | B13: 845620
A14: Services & other revenues | B14: 985478
A15: Total revenues | B15: =SUM(B12:B14) -> 1915658
A16: Development services | B16: 894563
A17: Automotive sales | B17: -
A18: Services & other cost of revenues | B18: 184956
A19: Total cost of revenues | B19: =SUM(B16:B18) -> 1079519
A20: Gross profit (loss) | B20: =B15-B19 -> 836139
A21: Research & development | B21: 155690
A22: Selling, general & administrative | B22: 145600
A23: Total operating expenses | B23: 265489
A24: Income (loss) from operations | B24: =B20-B23 -> 570650
A25: Interest income | B25: -
A26: Interest expense | B26: 63593
A27: Other income (expense), net | B27: 74123
A28: Income (loss) before income taxes - domestic | B28: =B24-SUM(B25:B27) -> 432934
A29: Income (loss) before income taxes - international | B29: -
A30: Income (loss) before income taxes | B30: =B28 -> 432934
A31: Current state income taxes (benefit) | B31: 1100
A32: Current foreign income taxes (benefit) | B32: -
A33: Current income taxes (benefit) | B33: =SUM(B31:B32) -> 1100
A34: Deferred foreign income taxes (benefit) | B34: -
A35: Deferred income taxes (benefit) | B35: -
A36: Provision for income taxes (benefit) | B36: 7500
A37: Net income (loss) | B37: =B30-SUM(B33:B36) -> 424334
A38: Weighted average shares outstanding-basic | B38: 48756
A39: Weighted average shares outstanding-diluted | B39: -
A40: Year end shares outstanding | B40: -
A41: Net income (loss) per share - basic | B41: -
A42: Net income (loss) per share - diluted | B42: -
A43: Number of full time employees | B43: -
A44: Number of common stockholders
A45: Foreign currency translation adjustments | B45: -
A47: Reference
A49: https://finance.yahoo.com/quote/COKE/balance-sheet?p=COKE

Sheet Company A 2017 Income Statement
A1: Coca-Cola Consolidated, Inc. (KO)
A3: Exchange rate used is that of the Year End reported date
A6: As Reported Annual Income Statement
A7: Report Date | B7: 42369
A8: Currency | B8: USD
A9: Audit Status | B9: Not Qualified
A10: Consolidated | B10: Yes
A11: Scale | B11: Thousands
A12: Development services | B12: 92302
A13: Automotive sales | B13: 365890
A14: Services & other revenues | B14: 356489
A15: Total revenues | B15: =SUM(B12:B14) -> 814681
A16: Development services | B16: 265980
A17: Automotive sales | B17: -
A18: Services & other cost of revenues | B18: 165847
A19: Total cost of revenues | B19: =SUM(B16:B18) -> 431827
A20: Gross profit (loss) | B20: =B15-B19 -> 382854
A21: Research & development | B21: 389760
A22: Selling, general & administrative | B22: 153269
A23: Total operating expenses | B23: =SUM(B21:B22) -> 543029
A24: Income (loss) from operations | B24: =B20-B23 -> -160175
A25: Interest income | B25: -
A26: Interest expense | B26: 1560
A27: Other income (expense), net | B27: 5263
A28: Income (loss) before income taxes - domestic | B28: =B24-SUM(B25:B27) -> -166998
A29: Income (loss) before income taxes - international | B29: -
A30: Income (loss) before income taxes | B30: =B28 -> -166998
A31: Current state income taxes (benefit) | B31: 956
A32: Current foreign income taxes (benefit) | B32: -
A33: Current income taxes (benefit) | B33: =SUM(B31:B32) -> 956
A34: Deferred foreign income taxes (benefit) | B34: -
A35: Deferred income taxes (benefit) | B35: -
A36: Provision for income taxes (benefit) | B36: 7500
A37: Net income (loss) | B37: =B30-SUM(B33:B36) -> -175454
A38: Weighted average shares outstanding-basic | B38: 64500
A39: Weighted average shares outstanding-diluted | B39: -
A40: Year end shares outstanding | B40: -
A41: Net income (loss) per share - basic | B41: -
A42: Net income (loss) per share - diluted | B42: -
A43: Number of full time employees | B43: -
A44: Number of common stockholders
A45: Foreign currency translation adjustments | B45: -
A47: Reference
A49: https://finance.yahoo.com/quote/COKE/balance-sheet?p=COKE

Sheet Company A 2015 Cash Flow
A1: Coca-Cola Consolidated, Inc. (KO)
A3: Exchange rate used is that of the Year End reported date
A6: As Reported Annual Cash Flow
A7: Report Date | B7: 42369
A8: Currency | B8: USD
A9: Audit Status | B9: Not Qualified
A10: Consolidated | B10: Yes
A11: Scale | B11: Thousands
A12: Net income (loss) | B12: 2566320
A13: Depreciation & amortization | B13: 95643
A14: Stock-based compensation | B14: 85762
A15: Amortization of discount on convertible debt | B15: 46512
A16: Inventory write-downs | B16: 41562
A17: Write-off of Department of Energy (DOE) loan origination costs | B17: 23658
A18: Change in fair value of DOE warrant liability | B18: -15482
A19: Fixed asset disposal | B19: -
A20: Other non-cash operating activities | B20: 2356
A21: Foreign currency transaction loss (gain) | B21: 1568
A22: Account receivables | B22: -19854
A23: Inventories & operating lease vehicles | B23: -365890
A24: Prepaid expenses & other current assets | B24: -15460
A25: Other assets | B25: -235
A26: Accounts payable | B26: -489
A27: Accrued liabilities | B27: 88796
A28: Accounts payable & accrued expenses | B28: -
A29: Deferred revenue | B29: 387564
A30: Customer deposits | B30: 25965
A31: Resale value guarantee | B31: 336299
A32: Other long-term liabilities | B32: 35569
A33: Net cash flows from operating activities | B33: 468971
A34: Purchases of property & equipment excluding capital leases | B34: -164558
A35: Withdrawals out of (transfers into) our dedicated Department of Energy account, net | B35: 12569
A36: Decrease (increase) in restricted cash | B36: 95
A37: Purchase of short-term marketable securities | B37: -
A38: Maturities of short-term marketable securities | B38: -
A39: Business acquisition | B39: -
A40: Net cash flows from investing activities | B40: -256894
A41: Proceeds from issuance of convertible debt | B41: 884500
A42: Proceeds from issuance of convertible debt & other debt | B42: -
A43: Proceeds from issuance of common stock in public | B43: 458900
A44: Proceeds from issuance of warrants | B44: 140560
A45: Proceeds from exercise of stock options & other stock issuances | B45: 45698
A46: Proceeds from issuance of common stock in private placements | B46: 35890
A47: Principal payments on DOE loans | B47: -45897
A48: Purchase of convertible note hedges | B48: -184760
A49: Common stock & convertible debt issuance costs | B49: -789520
A50: Principal payments on capital leases & other debt | B50: -9785
A51: Collateralized lease borrowings | B51: -
A52: Net cash flows from financing activities | B52: 689785
A53: Effect of exchange rate changes on cash & cash equivalents | B53: -
A54: Net increase (decrease) in cash & cash equivalents | B54: 451230
A55: Cash & cash equivalents at beginning of period | B55: 369528
A56: Cash & cash equivalents at end of period | B56: 784560
A57: Interest paid | B57: 94560
A58: Income taxes paid | B58: 298
A60: Reference
A62: https://finance.yahoo.com/quote/COKE/balance-sheet?p=COKE

Sheet Company A 2016 Cash Flow
A1: Coca-Cola Consolidated, Inc. (KO)
A3: Exchange rate used is that of the Year End reported date
A6: As Reported Annual Cash Flow
A7: Report Date | B7: 42735
A8: Currency | B8: USD
A9: Audit Status | B9: Not Qualified
A10: Consolidated | B10: Yes
A11: Scale | B11: Thousands
A12: Net income (loss) | B12: -294040
A13: Depreciation & amortization | B13: 231931
A14: Stock-based compensation | B14: 156496
A15: Amortization of discount on convertible debt | B15: 69734
A16: Inventory write-downs | B16: 15609
A17: Write-off of Department of Energy (DOE) loan origination costs | B17: -
A18: Change in fair value of DOE warrant liability | B18: -
A19: Fixed asset disposal | B19: 14178
A20: Other non-cash operating activities | B20: 7471
A21: Foreign currency transaction loss (gain) | B21: -1891
A22: Account receivables | B22: -183658
A23: Inventories & operating lease vehicles | B23: -1050264
A24: Prepaid expenses & other current assets | B24: -60637
A25: Other assets | B25: -4493
A26: Accounts payable | B26: 252781
A27: Accrued liabilities | B27: 162075
A28: Accounts payable & accrued expenses | B28: -
A29: Deferred revenue | B29: 209681
A30: Customer deposits | B30: 106230
A31: Resale value guarantee | B31: 249492
A32: Other long-term liabilities | B32: 61968
A33: Net cash flows from operating activities | B33: -57337
A34: Purchases of property & equipment excluding capital leases | B34: -969885
A35: Withdrawals out of (transfers into) our dedicated Department of Energy account, net | B35: -
A36: Decrease (increase) in restricted cash | B36: -3849
A37: Purchase of short-term marketable securities | B37: -205841
A38: Maturities of short-term marketable securities | B38: 189131
A39: Business acquisition | B39: -
A40: Net cash flows from investing activities | B40: -990444
A41: Proceeds from issuance of convertible debt | B41: 2300000
A42: Proceeds from issuance of convertible debt & other debt | B42: -
A43: Proceeds from issuance of common stock in public | B43: -
A44: Proceeds from issuance of warrants | B44: 389160
A45: Proceeds from exercise of stock options & other stock issuances | B45: 100455
A46: Proceeds from issuance of common stock in private placements | B46: -
A47: Principal payments on DOE loans | B47: -
A48: Purchase of convertible note hedges | B48: -603428
A49: Common stock & convertible debt issuance costs | B49: -35149
A50: Principal payments on capital leases & other debt | B50: -11179
A51: Collateralized lease borrowings | B51: 3271
A52: Net cash flows from financing activities | B52: 2143130
A53: Effect of exchange rate changes on cash & cash equivalents | B53: -35525
A54: Net increase (decrease) in cash & cash equivalents | B54: 1059824
A55: Cash & cash equivalents at beginning of period | B55: 845889
A56: Cash & cash equivalents at end of period | B56: 1905713
A57: Interest paid | B57: 20539
A58: Income taxes paid | B58: 3120
A60: Reference
A62: https://finance.yahoo.com/quote/COKE/balance-sheet?p=COKE

Sheet Company A 2017 Cash Flow
A1: Coca-Cola Consolidated, Inc. (KO)
A3: Exchange rate used is that of the Year End reported date
A6: As Reported Annual Cash Flow
A7: Report Date | B7: 43100
A8: Currency | B8: USD
A9: Audit Status | B9: Not Qualified
A10: Consolidated | B10: Yes
A11: Scale | B11: Thousands
A12: Net income (loss) | B12: -888663
A13: Depreciation & amortization | B13: 422590
A14: Stock-based compensation | B14: 197999
A15: Amortization of discount on convertible debt | B15: 72063
A16: Inventory write-downs | B16: 44940
A17: Write-off of Department of Energy (DOE) loan origination costs | B17: -
A18: Change in fair value of DOE warrant liability | B18: -
A19: Fixed asset disposal | B19: 37723
A20: Other non-cash operating activities | B20: 26373
A21: Foreign currency transaction loss (gain) | B21: 55765
A22: Account receivables | B22: 46267
A23: Inventories & operating lease vehicles | B23: -1573860
A24: Prepaid expenses & other current assets | B24: -29595
A25: Other assets | B25: -24362
A26: Accounts payable | B26: -
A27: Accrued liabilities | B27: -
A28: Accounts payable & accrued expenses | B28: 263345
A29: Deferred revenue | B29: 322203
A30: Customer deposits | B30: 36721
A31: Resale value guarantee | B31: 442295
A32: Other long-term liabilities | B32: 23697
A33: Net cash flows from operating activities | B33: -524499
A34: Purchases of property & equipment excluding capital leases | B34: -1634850
A35: Withdrawals out of (transfers into) our dedicated Department of Energy account, net | B35: -
A36: Decrease (increase) in restricted cash | B36: -26441
A37: Purchase of short-term marketable securities | B37: -
A38: Maturities of short-term marketable securities | B38: -
A39: Business acquisition | B39: -12260
A40: Net cash flows from investing activities | B40: -1673551
A41: Proceeds from issuance of convertible debt | B41: -
A42: Proceeds from issuance of convertible debt & other debt | B42: 318972
A43: Proceeds from issuance of common stock in public | B43: 730000
A44: Proceeds from issuance of warrants | B44: -
A45: Proceeds from exercise of stock options & other stock issuances | B45: 106611
A46: Proceeds from issuance of common stock in private placements | B46: 20000
A47: Principal payments on DOE loans | B47: -
A48: Purchase of convertible note hedges | B48: -
A49: Common stock & convertible debt issuance costs | B49: -17025
A50: Principal payments on capital leases & other debt | B50: -203780
A51: Collateralized lease borrowings | B51: 568745
A52: Net cash flows from financing activities | B52: 1523523
A53: Effect of exchange rate changes on cash & cash equivalents | B53: -34278
A54: Net increase (decrease) in cash & cash equivalents | B54: -708805
A55: Cash & cash equivalents at beginning of period | B55: 1905713
A56: Cash & cash equivalents at end of period | B56: 1196908
A57: Interest paid | B57: 32060
A58: Income taxes paid | B58: 9461
A60: Reference
A62: https://finance.yahoo.com/quote/COKE/balance-sheet?p=COKE

Sheet Company A Stock History
A1: Coca-Cola Consolidated, Inc. (KO)
A4: Issue:
A5: Date: From 01/01/2015 to 12/31/2017 Frequency: daily Adjusted Prices
A7: Three Year Rate of Return
A8: =(E12-E766)/E766 -> 3.73109
A11: Date | B11: Open | C11: High | D11: Low | E11: Close | F11: Volume | G11: Price Move (%)
A12: 12/29/2017 | B12: 165.10001 | C12: 165.36999 | D12: 162.98 | E12: 164.5 | F12: 162.77112 | G12: 16700
A13: 12/28/2017 | B13: 166.26 | C13: 166.96001 | D13: 165.28 | E13: 165.91 | F13: 164.16628 | G13: 14400
A14: 12/27/2017 | B14: 168.53 | C14: 168.98 | D14: 165.89 | E14: 166.49 | F14: 164.7402 | G14: 20900
A15: 12/26/2017 | B15: 169.60001 | C15: 170.27 | D15: 168.8 | E15: 169.35001 | F15: 167.57013 | G15: 32100
A16: 12/22/2017 | B16: 167.3 | C16: 170 | D16: 167.3 | E16: 169.60001 | F16: 167.57013 | G16: 23600
A17: 12/21/2017 | B17: 166.27 | C17: 169.13001 | D17: 166.21001 | E17: 167.69 | F17: 165.683 | G17: 16600
A18: 12/20/2017 | B18: 166.7 | C18: 168.06 | D18: 166.01 | E18: 166.64 | F18: 164.64554 | G18: 14900
A19: 12/19/2017 | B19: 167.17 | C19: 167.99 | D19: 166.28 | E19: 166.41 | F19: 164.4183 | G19: 14000
A20: 12/18/2017 | B20: 167.03999 | C20: 168.25 | D20: 165.60001 | E20: 168 | F20: 165.98929 | G20: 18100
A21: 12/15/2017 | B21: 169.16 | C21: 169.99 | D21: 166.05 | E21: 166.71001 | F21: 164.71471 | G21: 20800
A22: 12/14/2017 | B22: 168.7 | C22: 170.14 | D22: 167.8 | E22: 170.10001 | F22: 168.06415 | G22: 24600
A23: 12/13/2017 | B23: 170.52 | C23: 170.52 | D23: 168.36999 | E23: 169.3 | F23: 167.27371 | G23: 17000
... A766: 01/02/2015 | B766: 35.18 | C766: 35.45 | D766: 34.75 | E766: 34.77 | F766: 741941 | G766: -1.67
A768: Reference
A770: https://finance.yahoo.com/quote/COKE/balance-sheet?p=COKE
